AoeStats
← ButterMyHead

African Clearing

510866800Analyzed
4v4 RM · 22h ago on Oct 2, 2026· 35m 55s· 8 players
Game mode
Random Map
Map size
Large (8 player)
Population
200
Speed
Normal
Resources
Standard
Victory
Conquest
Starting age
Dark Age
Ending age
Imperial Age
RankedLock teamsTeams togetherTeam positionsShared explorationLock speedFull tech treeHidden civsTurbo modeCheats
Victory
Defeat
🇷🇺 Poles · Russia
1054
+12
🇩🇪 Hindustanis · Germany
937
+17
🇷🇺 Mongols · Russia
933
+17
🇩🇪 Vikings · Germany
926
+17
🇧🇾 Georgians · Belarus
997
-17
🇺🇸 Spanish · United States
973
-16
🇮🇹 Danes · Italy
943
-15
🇺🇸 Japanese · United States
928
-15
Wospenzukh
12:56 Loom
14:42 Feudal Age
15:40 Town Watch
21:33 Castle Age
21:14 Double-Bit Axe
28:16 Fletching
Pato
5:45 Loom
16:01 Feudal Age
21:26 Castle Age
19:17 Double-Bit Axe
31:57 Forging
31:52 Scale Barding Armor
Akranon
16:22 Loom
27:06 Feudal Age
28:36 Stone Mining
30:19 Double-Bit Axe
31:49 Wheelbarrow
31:23 Gold Mining
35:15 Fishing Lines
Il Gonzaga
5:30 Loom
18:38 Feudal Age
18:46 Man-at-Arms
19:52 Double-Bit Axe
20:22 Fishing Lines
21:57 Gold Mining
22:35 Horse Collar
23:01 Town Watch
24:10 Stone Mining
26:32 Wheelbarrow
29:41 Castle Age
27:45 Scale Mail Armor
29:04 Forging
30:36 Fletching
31:10 Squires
30:31 Long Swordsman
31:25 Bow Saw
32:17 Iron Casting
31:57 Arson
33:09 Gillnets
33:27 Heavy Plow
35:59 Chain Mail Armor
Shaci
6:28 Loom
17:05 Feudal Age
20:13 Double-Bit Axe
22:50 Castle Age
23:36 Bloodlines
29:44 Wheelbarrow
29:24 Bow Saw
36:14 Husbandry
ButterMyHead
8:26 Loom
13:15 Feudal Age
21:26 Castle Age
21:57 Stone Mining
21:50 Horse Collar
26:03 Double-Bit Axe
27:59 Wheelbarrow
28:40 Crossbowman
31:06 Pikeman
32:49 Hand Cart
32:52 Squires
34:27 Bow Saw
Jeanne d'Arc
4:36 Loom
13:55 Feudal Age
21:31 Castle Age
21:04 Horse Collar
21:11 Double-Bit Axe
21:20 Gold Mining
21:21 Stone Mining
23:34 Bow Saw
24:07 Heavy Plow
23:47 Pikeman
25:41 Gold Shaft Mining
26:10 Elite Skirmisher
FinnMaccool
5:36 Loom
13:42 Feudal Age
14:14 Double-Bit Axe
17:08 Wheelbarrow
17:00 Bloodlines
19:13 Forging
19:09 Scale Barding Armor
24:39 Castle Age
24:02 Horse Collar
26:18 Stone Mining
26:38 Heavy Plow
28:10 Husbandry
29:51 Szlachta Privileges
35:56 Chain Barding Armor
Connection lost

Rejoining the realm…

Still unreachable

The connection could not be restored.

Session expired

The server has moved on; the page needs a fresh start.